 Dungeon Crawl Stone Soup version 0.23.2-1-ga50397a (webtiles) character file.

Game seed: 12518900755075336503

775 doot the Magician (level 7, -4/36 HPs)
             Began as a Deep Elf Fire Elementalist on May 13, 2019.
             Killed by divine providence
             ... invoked by an orc priest
              (13 damage)
             ... on level 4 of the Dungeon.
             The game lasted 00:13:32 (4753 turns).

doot the Magician (Deep Elf Fire Elementalist)      Turns: 4753, Time: 00:13:32

Health: -4/36      AC:  3    Str:  5    XL:     7   Next: 54%
Magic:  1/19       EV: 13    Int: 22    God:
Gold:   283        SH:  0    Dex: 15    Spells: 6/19 levels left

rFire    + . .     SeeInvis .   b - +2 quarterstaff (chaos)
rCold    x . .     Gourm    .   (shield currently unavailable)
rNeg     . . .     Faith    .   a - +0 robe
rPois    +         Spirit   .   (no helmet)
rElec    .         Reflect  .   n - +0 cloak
rCorr    .         Harm     .   (no gloves)
MR       .....                  (no boots)
Stlth    +++.......             (no amulet)
HPRegen  0.12/turn              m - ring of fire
MPRegen  0.16/turn              q - ring of poison resistance

@: very slightly contaminated
A: no striking features
a: no special abilities


You were on level 4 of the Dungeon.
You were not hungry.

You visited 1 branch of the dungeon, and saw 4 of its levels.

You collected 283 gold pieces.

Inventory:

Hand Weapons
 b - a +2 quarterstaff of chaos (weapon)
 h - a +0 short sword
Armour
 a - a +0 robe (worn)
 g - a +0 pair of gloves
 n - a +0 cloak (worn)
Jewellery
 m - a ring of fire (left hand)
 q - a ring of poison resistance (right hand)
 t - a +5 ring of strength {unknown}
Wands
 o - a wand of iceblast (6)
 v - a wand of disintegration (7)
Scrolls
 d - 2 scrolls of magic mapping {unknown}
 e - 4 scrolls of remove curse
 i - 2 scrolls of identify
 j - a scroll of noise {unknown}
 p - a scroll of teleportation {unknown}
Potions
 f - a potion of berserk rage
 k - a potion of ambrosia
 l - 2 potions of curing
 r - 2 potions of haste {unknown}
 s - a potion of mutation {unknown}
 u - a potion of cancellation {unknown}
Comestibles
 c - 7 rations
 w - 3 chunks of flesh


   Skills:
 + Level 2.8 Dodging
 + Level 4.2 Stealth
 + Level 6.9 Spellcasting
 + Level 4.5 Conjurations
 + Level 6.0 Fire Magic


You had 6 spell levels left.
You knew the following spells:

 Your Spells              Type           Power        Failure   Level  Hunger
a - Flame Tongue          Conj/Fire      #####        1%          1    None
b - Throw Flame           Conj/Fire      #####.       1%          2    None
c - Conjure Flame         Conj/Fire      #####...     2%          3    None
d - Sticky Flame          Conj/Fire      #####...     10%         4    ###....
e - Inner Flame           Hex/Fire       ####....     7%          3    None

Your spell library contained the following spells:

 Spells                   Type           Power        Failure   Level  Hunger
 Fireball                 Conj/Fire      #####.....   26%         5    #####..


Dungeon Overview and Level Annotations

Branches:
Dungeon (4/15)
 Temple: D:4-7

Altars:


Message History

You feel uncomfortably hot.
The orc priest looks braver for a moment.
Casting: Sticky Flame (safe; 10% risk of failure)
Confirm with . or Enter, or press ? or * to list all spells.
Aiming: Sticky Flame (safe; 10% risk of failure)
Press: ? - help, Shift-Dir - straight line, f/p - orc priest
Aim: an orc priest, wielding a +0 short sword (moderately wounded)
You feel a surge of power!
The sticky flame hits the orc priest.
The orc priest is heavily wounded.
The orc priest is covered in liquid flames!
The orc priest burns!
The orc priest hits you with a +0 short sword.
* * * LOW HITPOINT WARNING * * *
Unknown command.
You barely miss the orc priest.
The orc priest is severely wounded.
The orc priest burns!
The orc priest calls down the wrath of Beogh upon you.
Beogh smites you!
You die...

# #.. .#.#
.#######.. ..#.
......(..# .o.
######.## #o# #.#
##.# . #.##
#######..# ...
##.#
#......).####.....
##.
#.###....o@.'...#
## ##...####..## #
###..# # #....#
#.##.# #.###.##.#
#........# ###
#####.#### ##.###
### #.#
#######....# #.#


You could see an orc priest (burning).

Vanquished Creatures
  Grinder (D:3)
  An ogre (D:4)
  A jelly (D:3)
  Crazy Yiuf (D:2)
  2 orc priests (D:4)
  Ijyb (D:3)
  Natasha (thrice) (D:2)
  An orc wizard (D:4)
  Terence (D:3)
  A worker ant (D:4)
  9 adders
  An ooze (D:3)
  4 worms
  2 dart slugs
  A leopard gecko (D:3)
  5 orcs
  5 giant cockroaches
  9 goblins
  9 hobgoblins
  8 jackals
  3 quokkas
  A ball python (D:2)
  9 bats
  5 frilled lizards
  8 kobolds
  7 rats
99 creatures vanquished.

Notes
Turn   | Place    | Note
-------+----------+-------------------------------------------
     0 | D:1      | doot the Deep Elf Fire Elementalist began the quest for the
                  | Orb.
     0 | D:1      | Reached XP level 1. HP: 10/10 MP: 6/6
   179 | D:1      | Reached XP level 2. HP: 14/15 MP: 1/8
   184 | D:1      | Learned a level 2 spell: Throw Flame
  1057 | D:1      | Reached XP level 3. HP: 19/19 MP: 2/9
  1245 | D:1      | Learned a level 3 spell: Conjure Flame
  1271 | D:2      | Noticed Natasha
  1882 | D:2      | Reached XP level 4. HP: 24/24 MP: 4/12
  2141 | D:2      | Learned a level 4 spell: Sticky Flame
  2239 | D:2      | Killed Natasha
  2480 | D:2      | Noticed Natasha
  2482 | D:2      | Killed Natasha
  2482 | D:2      | Reached XP level 5. HP: 28/28 MP: 11/14
  2525 | D:2      | Found a runed translucent door.
  2526 | D:2      | Noticed Crazy Yiuf
  2857 | D:2      | Noticed Natasha
  2966 | D:2      | Killed Natasha
  3086 | D:2      | Killed Crazy Yiuf
  3195 | D:3      | Reached skill level 5 in Spellcasting
  3445 | D:3      | Noticed Grinder
  3506 | D:3      | Killed Grinder
  3506 | D:3      | Reached skill level 5 in Fire Magic
  3506 | D:3      | Reached XP level 6. HP: 26/32 MP: 5/16
  3654 | D:3      | Noticed Ijyb
  3667 | D:3      | Killed Ijyb
  3853 | D:3      | Noticed Terence
  3863 | D:3      | Killed Terence
  3938 | D:3      | Reached XP level 7. HP: 36/36 MP: 14/17
  3945 | D:3      | Learned a level 3 spell: Inner Flame
  4753 | D:4      | Killed from afar by an orc priest

Skill      XL: |  1  2  3  4  5  6  7 |
---------------+----------------------+-----
Stealth        | 3 4 |  4.2
Spellcasting   | 4 5 6 |  6.9
Fire Magic     | 4 5 6 |  6.0
Conjurations   | 2 3 4 |  4.5
Dodging        | |  2.8

Action                   |  1- 3 |  4- 6 |  7- 9 || total
-------------------------+-------+-------+-------++-------
Melee: Unarmed           |     1 |       |       ||     1
       Short sword       |       |     2 |       ||     2
       Quarterstaff      |       |       |     2 ||     2
 Cast: Flame Tongue      |    62 |    66 |    28 ||   156
       Throw Flame       |    15 |    23 |    10 ||    48
       Conjure Flame     |     1 |     4 |     1 ||     6
       Sticky Flame      |       |     7 |     2 ||     9
  Use: Scroll            |       |       |     4 ||     4
       Potion            |       |       |     1 ||     1
  Eat: Chunk             |     3 |     5 |     2 ||    10
       Ration            |       |     1 |       ||     1
Armor: Robe              |     2 |    11 |       ||    13
Dodge: Dodged            |     7 |    21 |       ||    28
